 Dungeon Crawl Stone Soup version 0.17.1-3-g152610e (webtiles) character file.

104 Charly the Insei (level 4, -4/32 HPs)
             Began as a Demonspawn Transmuter on Apr 23, 2016.
             Slain by a mummy (6 damage)
             ... in an ossuary.
             The game lasted 00:10:29 (634 turns).

Charly the Insei (Demonspawn Transmuter)             Turns: 634, Time: 00:10:29

Health: -4/32      AC:  2    Str: 10    XL:     4   Next: 52%
Magic:  5/7        EV: 19    Int: 15    God:
Gold:   54         SH:  0    Dex: 19    Spells: 3 memorised, 1 level left

rFire  . . .     SeeInvis +       - Unarmed
rCold  . . .     Clarity  .     (armour currently unavailable)
rNeg   . . .     SustAt   .     (shield currently unavailable)
rPois  x         Gourm    .     (helmet currently unavailable)
rElec  .         Spirit   .     (cloak currently unavailable)
rCorr  .         Warding  .     (gloves currently unavailable)
rMut   .         Stasis   .     (boots currently unavailable)
MR     .....                    (no amulet)
Stlth  ++........               (no ring)
                                j - ring of see invisible

@: spider-form (expiring), marked, not resistant to hostile enchantments,
unstealthy
A: (claws 0)
a: End Transformation


You were in an ossuary.
You were not hungry.
You were a venomous arachnid creature.
You visited 1 branch of the dungeon, and saw 4 of its levels.
You also visited: Ossuary.

You collected 54 gold pieces.

Inventory:

Missiles
 a - 73 arrows
 i - 14 poisoned needles
Armour
 b - a +0 robe (melded)
 e - a +0 pair of boots (melded)
Jewellery
 j - a ring of see invisible (left front leg)
Scrolls
 g - 4 scrolls of teleportation
 k - a scroll of remove curse
Potions
 h - a potion of heal wounds {unknown}
 l - a potion of might
 m - a potion of curing
Books
 c - a book of Changes

   Spells                             Type                      Level
   a - Beastly Appendage              Transmutation                1
   b - Sticks to Snakes               Transmutation                2
   c - Spider Form                    Transmutation/Poison         3
   d - Ice Form                       Ice/Transmutation            4
   e - Blade Hands                    Transmutation                5
Comestibles
 d - 2 bread rations
 f - 2 meat rations


   Skills:
 - Level 1.0 Fighting
 - Level 1.7 Dodging
 + Level 3.9 Unarmed Combat
 - Level 2.0 Spellcasting
 + Level 3.3 Transmutations


You had one spell level left.
You knew the following spells:

 Your Spells              Type           Power        Failure   Level  Hunger
b - Beastly Appendage     Trmt           ##....       21%         1    #......
s - Sticks to Snakes      Trmt           ##........   28%         2    ###....
S - Spider Form           Trmt/Pois      #.........   56%         3    ###....


Dungeon Overview and Level Annotations

Branches:
Dungeon (4/15)
 Temple: D:4-7

Altars:
Kikubaaqudgha
Vehumet

Shops:
D:4 [

Annotations:
D:4 1 exclusion


Innate Abilities, Weirdness & Mutations

((You have sharp fingernails.))


Message History

The mummy struggles against the net.
You hit the mummy.
The mummy is moderately damaged.
You hit the mummy.
The mummy is heavily damaged.
The mummy struggles to escape the net.
The mummy breaks free.
You hit the mummy.
The mummy is heavily damaged.
You hit the mummy but do no damage.
The mummy is heavily damaged.
The mummy hits you!!
Ouch! That really hurt!
The mummy hits you!
* * * LOW HITPOINT WARNING * * *
Drink which item? (? for menu, Esc to quit)
Okay, then.
You hit the mummy but do no damage.
The mummy is heavily damaged.
The mummy hits you.
You die...

###### ###!!??# ###
#......#+#+#+#+#+#+#+#..
##........(.........^^...
#........M........M.....^
∩.......sM^...........^..
#........................
##.......................
#......#+#+#+#+#+#+#+#.^
###!!!?# ### ######


You could see 2 mummies.

Vanquished Creatures
  A giant frog skeleton (D:4)
  A worker ant (D:3)
  2 mummies (Ossuary)
  A gnoll (D:4)
  An adder (D:2)
  A giant cockroach (D:2)
  A hobgoblin (D:3)
  A jackal (D:4)
  2 kobolds (D:1)
  2 bats (D:1)
  A giant newt (D:3)
  6 goblins
  A rat (D:1)
21 creatures vanquished.

Vanquished Creatures (collateral kills)
  A bat (D:2)
1 creature vanquished.

Grand Total: 22 creatures vanquished

Notes
Turn   | Place    | Note
--------------------------------------------------------------
     0 | D:1      | Charly the Demonspawn Transmuter began the quest for the Orb.
     0 | D:1      | Reached XP level 1. HP: 15/15 MP: 3/3
     2 | D:1      | Noticed a minotaur
     2 | D:1      | Noticed a formicid
     4 | D:1      | Noticed a vine stalker
     4 | D:1      | Noticed a felid
     6 | D:1      | Noticed a ghoul
     6 | D:1      | Noticed a gargoyle
     8 | D:1      | Noticed a human
     8 | D:1      | Noticed a merfolk
    10 | D:1      | Noticed a troll
    13 | D:1      | Noticed a tengu
    16 | D:1      | Noticed a centaur
    18 | D:1      | Noticed an elf
    18 | D:1      | Noticed a spriggan
    20 | D:1      | Noticed a vampire
    20 | D:1      | Noticed a demigod
    22 | D:1      | Noticed a demonspawn
    22 | D:1      | Noticed a dwarf
    24 | D:1      | Noticed a draconian
    24 | D:1      | Noticed an ogre
    28 | D:1      | Noticed a naga
    28 | D:1      | Noticed an octopode
   166 | D:1      | Reached skill level 3 in Unarmed Combat
   170 | D:1      | Gained mutation: You have sharp fingernails. [demonic ancestry]
   170 | D:1      | Reached XP level 2. HP: 15/21 MP: 3/5
   194 | D:1      | Learned a level 2 spell: Sticks to Snakes
   294 | D:2      | Found a radiant altar of Vehumet.
   301 | D:2      | Found an ancient bone altar of Kikubaaqudgha.
   368 | D:3      | Reached XP level 3. HP: 12/26 MP: 6/6
   435 | D:3      | Learned a level 3 spell: Spider Form
   488 | D:4      | Found Fecsosm's Antique Armour Boutique.
   518 | D:4      | Reached XP level 4. HP: 23/32 MP: 3/7
   574 | D:4      | Found a sand-covered staircase.
   579 | Ossuary  | Entered an ossuary
   634 | Ossuary  | Slain by a mummy

Action                   |  1- 3 |  4- 6 || total
-------------------------+-------+-------++-------
Melee: Unarmed           |    63 |    22 ||    85
Throw: Throwing net      |       |     2 ||     2
 Cast: Beastly Appendage |     5 |       ||     5
       Sticks to Snakes  |     4 |       ||     4
       Spider Form       |     2 |     1 ||     3
  Use: Potion            |     2 |       ||     2
       Scroll            |     5 |       ||     5
 Stab: Distracted        |     1 |       ||     1
       Held in net/web   |       |     1 ||     1
  Eat: Beef jerky        |     1 |       ||     1
